AoeStats
← Tzampuku

Hill Fort

505668490Analyzed
2v2 RM · 21d ago on Sep 10, 2026· 26m 45s· 4 players
Game mode
Random Map
Map size
Medium (4 player)
Population
200
Speed
Normal
Resources
Standard
Victory
Conquest
Starting age
Dark Age
Ending age
Imperial Age
RankedLock teamsTeams togetherTeam positionsShared explorationLock speedFull tech treeHidden civsTurbo modeCheats
Victory
Defeat
🇫🇴 Vietnamese · Faroe Islands
754
+16
🇷🇺 Byzantines · Russia
653
+19
🇷🇴 Khmer · Romania
758
-18
🇷🇴 Japanese · Romania
730
-17
Rikmen
3:18 Loom
11:23 Feudal Age
12:14 Gold Mining
12:11 Double-Bit Axe
19:10 Fletching
25:59 Castle Age
Olley95
11:33 Feudal Age
12:22 Horse Collar
15:18 Gold Mining
15:14 Double-Bit Axe
21:31 Castle Age
20:06 Fletching
23:44 Fletching
23:55 Padded Archer Armor
24:16 Bow Saw
24:07 Heavy Plow
24:10 Stone Mining
25:52 Leather Archer Armor
25:31 Loom
Bleeq11
8:51 Feudal Age
10:56 Arson
10:51 Man-at-Arms
13:00 Arson
18:20 Forging
18:11 Scale Mail Armor
21:28 Fletching
22:36 Loom
26:06 Castle Age
25:06 Padded Archer Armor
25:55 Double-Bit Axe
26:05 Gold Mining
Tzampuku
0:47 Loom
14:10 Feudal Age
19:38 Castle Age
22:14 Double-Bit Axe
24:40 Stone Mining
25:17 Crossbowman
26:46 Bow Saw
Connection lost

Rejoining the realm…

Still unreachable

The connection could not be restored.

Session expired

The server has moved on; the page needs a fresh start.